 Dungeon Crawl Stone Soup version 0.25-a0-290-g4a1327ee3a (webtiles) character file.

Game seed: 12993742526278777944, levelgen mode: classic

1568 Borgoz the Slasher (level 8, -6/71 HPs)
             Began as a Minotaur Gladiator on Dec 14, 2019.
             Was a Believer of Okawaru.
             Mangled by a skeletal warrior
             ... wielding a +0 mace
              (26 damage)
             ... on level 6 of the Dungeon.
             The game lasted 00:06:41 (5982 turns).

Borgoz the Slasher (Minotaur Gladiator)             Turns: 5982, Time: 00:06:41

Health: -6/71      AC:  5    Str: 25    XL:     8   Next: 59%
Magic:  7/7        EV: 15    Int:  5    God:    Okawaru [**....]
Gold:   204        SH:  0    Dex: 13    Spells: 7/7 levels left

rFire    . . .     SeeInvis .   a - +0 long sword
rCold    . . .     Gourm    .   (no shield)
rNeg     . . .     Faith    .   b - +0 leather armour
rPois    .         Spirit   .   c - +0 hat
rElec    .         Reflect  .   (no cloak)
rCorr    .         Harm     .   (no gloves)
MR       .....                  r - +0 pair of boots {Fly}
Stlth    +.........             k - amulet of the acrobat
HPRegen  0.21/turn              (no ring)
MPRegen  0.10/turn              (no ring)

@: mighty, flying
A: retaliatory headbutt, horns 2
a: Heroism, Renounce Religion, Stop Flying


You were on level 6 of the Dungeon.
You worshipped Okawaru.
Okawaru was pleased with you.
You were not hungry.

You visited 2 branches of the dungeon, and saw 7 of its levels.

You collected 330 gold pieces.
You spent 126 gold pieces at shops.

Inventory:

Hand Weapons
 a - a +0 long sword (weapon)
Missiles
 d - 4 throwing nets (quivered)
Armour
 b - a +0 leather armour (worn)
 c - a +0 hat (worn)
 r - a +0 pair of boots of flying (worn)
Jewellery
 k - an amulet of the acrobat (around neck)
Scrolls
 e - a scroll of amnesia {unknown}
 g - 4 scrolls of teleportation {unknown}
 h - 3 scrolls of enchant armour {unknown}
 i - 2 scrolls of magic mapping {unknown}
 j - 2 scrolls of enchant weapon {unknown}
 n - 5 scrolls of identify {unknown}
 p - 3 scrolls of remove curse {unknown}
Potions
 l - a potion of mutation {unknown}
 m - 2 potions of flight {unknown}
 o - 2 potions of curing {unknown}
 q - a potion of heal wounds {unknown}
 s - a potion of might
 t - a potion of brilliance {unknown}
Comestibles
 f - 12 rations
 u - 8 chunks of flesh


   Skills:
 + Level 6.8 Fighting
 + Level 7.4 Long Blades
 - Level 2.0 Throwing
 + Level 6.3 Armour
 + Level 6.7 Dodging


You had 7 spell levels left.
You didn't know any spells.
Your spell library contained the following spells:

 Spells                   Type           Power        Failure   Level  Hunger
 Confusing Touch          Hex            #.....       52%         1    ##.....
 Confuse                  Hex            #.......     87%         3    ####...
 Gell's Gravitas          Tloc           #.........   87%         3    ####...
 Petrify                  Tmut/Erth      #.......     99%         4    #####..
 Metabolic Englaciation   Hex/Ice        #.........   100%        5    ######.
 Yara's Violent Unravell  Hex/Tmut       #.........   100%        5    ######.


Dungeon Overview and Level Annotations

Branches:
Dungeon (6/15)             Temple (1/1) D:4

Altars:
Ashenzari
Cheibriados
Dithmenos
Fedhas
Gozag
Hepliaklqana
Kikubaaqudgha
Makhleb
Nemelex Xobeh
Okawaru
Qazlal
Ru
Sif Muna
Trog
Uskayaw
Vehumet
Wu Jian
Xom
Yredelemnul
Zin
The Shining One

Shops:
D:4 *   D:5 %


Innate Abilities, Weirdness & Mutations

You reflexively headbutt those who attack you in melee.
You have a pair of horns on your head.


Message History

a +0 mace; a +0 plate armour; an orc skeleton You see here an iguana corpse.
You butcher the iguana corpse.
u - 8 chunks of flesh (gained 2)
You see here an iguana skeleton.
You start resting.
A skeletal warrior comes into view. It is wielding a +0 mace.
A skeletal warrior is nearby!
You feel very mighty all of a sudden.
The skeletal warrior closely misses you.
You furiously retaliate!
You headbutt the skeletal warrior. You closely miss the skeletal warrior.
The skeletal warrior is lightly damaged.
The skeletal warrior closely misses you.
You closely miss the skeletal warrior. You headbutt the skeletal warrior.
The skeletal warrior is lightly damaged.
You slash the skeletal warrior!
The skeletal warrior is moderately damaged.
The skeletal warrior hits you with a +0 mace!!
You die...

........##..................
........########...#####.###
........# #.#.......#
........# ####.#..####.##
#...###....................
..#.....#########.#.####.##.
######### ##<.......... #
#.รท.#.#.#..#. #@)........
###### #z#.#..##..# ......
...#.#...# ... #####.
#.##.#....... #. #
#####+#...# .... ###


You could see a skeletal warrior.

Vanquished Creatures
  A hippogriff (D:6)
  Menkaure (D:5)
  An orc warrior (D:6)
  An ice beast (D:6)
  A sky beast (D:5)
  An ogre (D:6)
  A necrophage (D:5)
  A centaur (D:5)
  A bullfrog (D:6)
  2 scorpions
  2 electric eels (D:6)
  A hound (D:5)
  An orc priest (D:4)
  An orc wizard (D:4)
  A gnoll shaman (D:5)
  3 iguanas
  4 worker ants
  A killer bee zombie (D:6)
  3 gnolls (D:5)
  6 adders
  3 oozes
  2 worms
  A dart slug (D:3)
  3 leopard geckos
  8 orcs
  2 ball pythons
  5 giant cockroaches
  8 goblins
  10 hobgoblins
  13 jackals
  6 bats
  6 frilled lizards
  11 kobolds
  A leopard gecko skeleton (D:4)
  7 rats
120 creatures vanquished.

Vanquished Creatures (others)
  A plant (D:6)
1 creature vanquished.

Grand Total: 121 creatures vanquished

Notes
Turn   | Place    | Note
-------+----------+-------------------------------------------
     0 | D:1      | Borgoz the Minotaur Gladiator began the quest for the Orb.
     0 | D:1      | Reached XP level 1. HP: 18/18 MP: 0/0
   159 | D:1      | Reached XP level 2. HP: 19/25 MP: 1/1
   162 | D:1      | Reached skill level 1 in Armour
   367 | D:1      | Reached skill level 4 in Long Blades
   403 | D:1      | Reached XP level 3. HP: 31/31 MP: 2/2
  1195 | D:2      | Reached XP level 4. HP: 26/38 MP: 3/3
  2596 | D:4      | Found Sesuze Lops's General Store.
  2603 | D:4      | Reached XP level 5. HP: 32/46 MP: 4/4
  2770 | D:4      | Bought a +0 pair of boots of flying for 126 gold pieces
  2919 | D:4      | Found a staircase to the Ecumenical Temple.
  2991 | Temple   | Entered the Ecumenical Temple
  3034 | Temple   | Became a worshipper of Warmaster Okawaru
  3146 | D:4      | Reached skill level 5 in Long Blades
  3349 | D:4      | Reached XP level 6. HP: 52/52 MP: 5/5
  3571 | D:5      | Entered Level 5 of the Dungeon
  3628 | D:5      | Noticed a sky beast
  3638 | D:5      | Killed a sky beast
  3638 | D:5      | Reached * piety under Okawaru
  3638 | D:5      | Reached skill level 5 in Dodging
  3697 | D:5      | Noticed Menkaure
  3698 | D:5      | Killed Menkaure
  3698 | D:5      | Reached skill level 5 in Fighting
  3698 | D:5      | Reached XP level 7. HP: 61/61 MP: 6/6
  3746 | D:5      | Reached skill level 6 in Long Blades
  3993 | D:5      | Reached ** piety under Okawaru
  4247 | D:5      | Found Oqigy's Food Shoppe.
  4447 | D:6      | Reached skill level 5 in Armour
  4990 | D:6      | Reached XP level 8. HP: 50/70 MP: 7/7
  5260 | D:6      | Noticed a hippogriff
  5268 | D:6      | Killed a hippogriff
  5268 | D:6      | Reached skill level 7 in Long Blades
  5977 | D:6      | Noticed a skeletal warrior
  5982 | D:6      | Mangled by a skeletal warrior

Levels and vault maps discovered:
D:1:      dpeg_arrival_snail, layout_basic, minmay_tromino_v4_a
D:2:      layout_basic, serial_rivers, chequers_serial_rivers_large_a,
          chequers_serial_rivers_small_a, chequers_serial_rivers_micro_e,
          chequers_serial_rivers_small_b, chequers_serial_rivers_small_3,
          chequers_serial_rivers_small_b, minivault_4,
          chequers_serial_rivers_micro_b
D:3:      layout_rooms, minivault_26, chequers_big_river, st_stairs_4
D:4:      layout_gridville, minmay_temple_entry_poolview, first_ration,
          serial_shops, shop
D:5:      layout_rooms, serial_shops, shop, kennysheep_generic_room_7,
          uniq_menkaure
D:6:      minmay_cornered_nines, layout_basic, serial_bayou,
          serial_bayou_pond_c, serial_bayou_ford_a, serial_bayou_pond_a,
          serial_bayou_crossing
Temple:   compressed_dpeg_circular_temple

Skill      XL: |  1  2  3  4  5  6  7  8 |
---------------+-------------------------+-----
Armour         | 1 2 3 4 5 6 |  6.3
Long Blades    | 4 5 6 7 |  7.4
Fighting       | 3 4 5 6 |  6.8
Dodging        | 4 5 6 |  6.7
Throwing       | |  2.0

Action                   |  1- 3 |  4- 6 |  7- 9 || total
-------------------------+-------+-------+-------++-------
Melee: Long sword        |    68 |   109 |    90 ||   267
       Headbutt          |     8 |    23 |    24 ||    55
  Use: Potion            |       |       |     2 ||     2
 Stab: Sleeping          |       |     1 |       ||     1
  Eat: Chunk             |     1 |     8 |     7 ||    16
Armor: Leather armour    |    18 |    16 |    13 ||    47
Dodge: Dodged            |    69 |   111 |    76 ||   256
       Rpst.: Long sword |    12 |    28 |    15 ||    55

Table legend:
 A = Non-vault XP
 B = Vault XP
 C = Vault XP percentage of total XP
 D = Non-vault monster count
 E = Vault monster count
 F = Vault count percentage of total count
                 A         B        C        D         E       F
            +---------+---------+-------+---------+---------+-------
      Total |    1769 |     472 |  21.1 |     111 |       9 |   7.5
            +---------+---------+-------+---------+---------+-------
        D:1 |      47 |       4 |   7.8 |      27 |       2 |   6.9
        D:2 |      54 |       0 |   0.0 |      21 |       0 |   0.0
        D:3 |      74 |       5 |   6.3 |      22 |       3 |  12.0
        D:4 |     237 |       0 |   0.0 |      18 |       0 |   0.0
        D:5 |     457 |     294 |  39.1 |      12 |       2 |  14.3
        D:6 |     900 |     169 |  15.8 |      11 |       2 |  15.4
            +---------+---------+-------+---------+---------+-------
